 Dungeon Crawl Stone Soup version 0.31.0-11-ge490571c62 (webtiles) character file.

Game seed: 12865117433327744175

17401 jasper the Thaumaturge (level 12, -9/77 HPs)
             Began as a Deep Elf Earth Elementalist on Jan 28, 2024.
             Was a Priest of Vehumet.
             Mangled by a deep troll (19 damage)
             ... on level 9 of the Dungeon.
             The game lasted 00:26:46 (13345 turns).

jasper the Thaumaturge (DEEE)                      Turns: 13345, Time: 00:26:46

Health: -9/77      AC:  8    Str:  5    XL:     12   Next: 18%
Magic:  14/28      EV: 16    Int: 29    God:    Vehumet [***...]
Gold:   594        SH:  5    Dex: 15    Spells: 9/31 levels left

rFire   . . .        n - staff of conjuration
rCold   + . .        H - +0 buckler
rNeg    . . .        M - +1 robe
rPois   +            c - +2 helmet
rElec   .            u - +1 cloak
rCorr   .            (no gloves)
SInv    .            (no boots)
Will    +....        (no amulet)
Stlth   ++           p - ring of wizardry
HPRegen 0.32/turn    P - ring "Ucotue" {rPois rC+ Int+3}
MPRegen 0.21/turn

%: wizardry (x1)
@: studying Armour
A: no striking features
a: Renounce Religion


You were on level 9 of the Dungeon.
You worshipped Vehumet.
Vehumet was most pleased with you.
You visited 2 branches of the dungeon, and saw 13 of its levels.
You also visited: Sewer.

You collected 790 gold pieces.
You spent 196 gold pieces at shops.

Inventory:

Hand Weapons
 e - a +4 spear of freezing
 f - a +1 heavy hand axe
Missiles
 b - 14 curare-tipped darts
 g - 94 stones
 i - 9 boomerangs
 F - 30 poisoned darts
Armour
 a - a +0 robe
 c - a +2 helmet (worn)
 d - a +0 leather armour
 h - a +1 helmet
 j - a +0 ring mail
 u - a +1 cloak (worn)
 H - a +0 buckler (worn)
 M - a +1 robe (worn)
Magical Staves
 n - a staff of conjuration (weapon)
 C - a staff of fire
Jewellery
 p - a ring of wizardry (left hand)
 s - a ring of willpower
 y - a ring of protection from cold
 K - a +6 ring of strength
 L - a ring of protection from cold
 N - a ring of positive energy
 O - a +5 ring of evasion
 P - the ring "Ucotue" (right hand) {rPois rC+ Int+3}
   (You acquired it on level 11 of the Dungeon)

   [ring of poison resistance]

   Int+3:     It affects your intelligence (+3).
   rC+:       It protects you from cold.
   rPois:     It protects you from poison
 R - the ring of Dishonour {Fly rF- rN+ Str+2}
   (You took it off a kobold brigand on level 9 of the Dungeon)

   [ring of flight]

   Str+2:     It affects your strength (+2).
   rF-:       It makes you vulnerable to fire.
   rN+:       It protects you from negative energy.
   Fly:       It grants you flight.
Wands
 l - a wand of flame (25)
Scrolls
 m - 8 scrolls of teleportation
 o - 3 scrolls of fear
 q - a scroll of torment
 t - a scroll of fog
 G - a scroll of enchant weapon
 I - 3 scrolls of poison
 Q - a scroll of identify
Potions
 k - 2 potions of might
 r - 2 potions of cancellation
 v - 3 potions of resistance
 w - a potion of haste
 x - a potion of lignification
 z - 5 potions of attraction {unknown}
 A - a potion of mutation {unknown}
 B - a potion of brilliance {unknown}
 D - 2 potions of enlightenment {unknown}
 E - 2 potions of ambrosia {unknown}
 J - 2 potions of curing


   Skills:
 - Level 10.0 Fighting
 + Level 6.9 Staves
 - Level 10.0 Dodging
 - Level 2.4 Stealth
 - Level 4.5 Shields
 - Level 10.0 Spellcasting
 - Level 5.0 Conjurations
 - Level 4.0 Summonings
 - Level 4.0 Air Magic
 - Level 5.0 Earth Magic
 - Level 3.0 Alchemy


You had 9 spell levels left.
You knew the following spells:

 Your Spells              Type           Power      Damage    Failure   Level
a - Sandblast             Erth           86%        2d18      1%          1
b - Passwall              Erth           43%        N/A       1%          3
c - Brom's Barrelling Bo  Conj/Erth      60%        2d8       1%          4
d - Fulminant Prism       Conj/Alch      27%        3d14      1%          4
e - Summon Lightning Spi  Summ/Air       37%        N/A       4%          4
f - Stone Arrow           Conj/Erth      100%       3d13      1%          3
g - Mephitic Cloud        Conj/Alch/Air  54%        N/A       1%          3

Your spell library contained the following spells:

 Spells                   Type           Power      Damage    Failure   Level
 Flame Wave               Conj/Fire      43%        2d11      2%          4
 Foxfire                  Conj/Fire      100%       2x1d9     1%          1
 Freeze                   Ice            56%        1d7       1%          1
 Static Discharge         Conj/Air       100%       3-8/arc   1%          2
 Hailstorm                Conj/Ice       43%        3d9       1%          3
 Airstrike                Air            18%        2d(3-19)  1%          4
 Slow                     Hex            56%        N/A       2%          1
 Frozen Ramparts          Ice            28%        1d5       2%          3
 Volatile Blastmotes      Fire/Tloc      28%        2d12      2%          3
 Iskenderun's Mystic Bla  Conj/Tloc      43%        2d10      2%          4
 Petrify                  Alch/Erth      37%        N/A       4%          4
 Confusing Touch          Hex            14%        N/A       8%          3
 Sigil of Binding         Hex            14%        N/A       8%          3
 Vampiric Draining        Necr           14%        2d7       8%          3
 Starburst                Conj/Fire      21%        6d7       30%         6
 Plasma Beam              Fire/Air       13%        2x1d24    34%         6


Dungeon Overview and Level Annotations

Branches:
Dungeon (12/15)            Temple (1/1) D:7             Orc (0/2) D:12
  Sewer (visited)
   Lair: D:8-11

Altars:
Cheibriados
Dithmenos
Elyvilon
Fedhas
Gozag
Hepliaklqana
Kikubaaqudgha
Makhleb
Nemelex Xobeh
Okawaru
Qazlal
Ru
Sif Muna
Trog
Uskayaw
Vehumet
Wu Jian
Xom
Yredelemnul
Zin
The Shining One

Shops:
D:2 ?   D:4 ?   D:6 =   D:12 [(

Annotations:
D:10 Harold


Message History

The red ugly thing is severely wounded.
The red ugly thing gores you.
You are engulfed in flames!!
Unknown command.
You feel a surge of power!
The stone arrow hits the red ugly thing!
The red ugly thing is almost dead.
The deep troll closely misses you. The deep troll completely misses you.
The deep troll claws you!
The red ugly thing gores your lightning spire but does no damage.
Unknown command.
You feel a surge of power!
The stone arrow hits the red ugly thing!!
You kill the red ugly thing!
Vehumet accepts your kill.
You feel your power returning. The deep troll bites you!
The deep troll barely misses you. You block the deep troll's attack.
Unknown command.
You are too injured to fight recklessly!
The deep troll bites your lightning spire!!
Your lightning spire is destroyed!
Your lightning spire disappears in a puff of smoke!
The brown ugly thing attacks as it pursues you!
The brown ugly thing closely misses you.
You are too injured to fight recklessly!
Casting: Stone Arrow (safe; 1% risk of failure)
Confirm with . or Enter, or press ? or * to list all spells.
An electric hum fills the air.
The brown ugly thing pecks you but does no damage.
The deep troll bites you! The deep troll closely misses you. x2
Your lightning spire shoots out a bolt of lightning at the brown ugly thing!
The bolt of electricity hits the brown ugly thing!
Something pecks your lightning spire but does no damage.
The deep troll bites you!
* * * LOW HITPOINT WARNING * * *
You block the deep troll's attack. The deep troll claws you!
* * * LOW HITPOINT WARNING * * *
The brown ugly thing pecks your lightning spire but does no damage.
The deep troll attacks as it pursues you!
The deep troll bites you!!
You die...

#.......♣ ♣.. ......♣.♣
♣.≈ ...≈....♣ ♣.†
♣≈...♣#♣.. ♣♣♣...♣...
#♣.....♣
♣♣♣♣♣♣♣♣♣♣♣♣♣♣♣♣..#.♣..
♣♣♣$.≈≈≈.....♣#....≈≈≈≈≈.
♣?....♣T@≈)..#♣#.........
♣♣......♣8≈.#..#♣≈.)......
♣.....P.u♣≈.....≈♣≈.......
♣♣......♣.≈..♣...≈♣.#...≈.
♣?....♣..≈..♣.♣§.........
♣♣....≈≈...♣♣.§§...≈≈♣≈≈.
♣♣$.≈♣♣♣♣♣♣♣♣≈♣♣.♣♣♣♣♣♣♣
♣♣♣♣♣ ######


You could see a brown ugly thing (distracted), a deep troll (ally target) and a
friendly lightning spire (summoned).

Vanquished Creatures
  Josephine (D:11)
  2 death yaks (D:11)
  2 two-headed ogres
  Pikel (D:8)
  3 ugly things (D:9)
  A cyclops (D:11)
  A manticore (D:12)
  A kobold demonologist (D:11)
  3 trolls
  Prince Ribbit (D:5)
  A hornet (D:9)
  A slime creature (D:12)
  Sigmund (D:2)
  A shadow (D:9)
  13 yaks
  A wraith (D:8)
  A vampire mosquito (D:9)
  2 steam dragons (D:7)
  2 acid dragons
  5 orc warriors
  2 ice beasts
  A black bear (D:5)
  A crocodile (D:9)
  5 centaurs
  A lemure (D:8)
  6 kobold brigands
  3 bullfrogs
  4 wights (D:8)
  A killer bee (D:11)
  8 howler monkeys
  A bombardier beetle (D:3)
  A crimson imp (D:7)
  9 orc priests
  2 gnoll boudas
  3 hounds
  2 jellies
  A sleepcap (D:5)
  2 iguanas (D:5)
  9 orc wizards
  A killer bee zombie (D:9)
  8 gnolls
  2 river rats (Sewer)
  11 adders
  2 white imps
  2 ufetubi (D:6)
  A dart slug (D:2)
  4 ribbon worms
  33 orcs
  16 ball pythons
  10 endoplasms
  4 giant cockroaches
  2 goblins (D:1)
  5 hobgoblins
  3 jackals (D:1)
  A quokka (D:4)
  4 bats
  A frilled lizard (D:1)
  14 kobolds
  6 rats
236 creatures vanquished.

Vanquished Creatures (collateral kills)
  A catoblepas (D:8)
  A kobold demonologist (D:9)
  A hornet (shapeshifter) (D:9)
  4 wraiths (D:11)
  9 yaks
  A vampire mosquito (D:9)
  Edmund (D:4)
  A naga (shapeshifter) (D:9)
  An orc warrior (D:12)
  An ogre (D:9)
  A centaur (D:9)
  2 kobold brigands (D:9)
  A killer bee (D:11)
  A howler monkey (D:9)
  2 orc priests
  An orc wizard (D:8)
  An orc (D:10)
  4 kobolds
34 creatures vanquished.

Vanquished Creatures (others)
  Maurice (D:11)
  2 killer bees (D:11)
  18 fulminant prisms
21 creatures vanquished.

Grand Total: 291 creatures vanquished

Notes
Turn   | Place    | Note
-------+----------+-------------------------------------------
     0 | D:1      | jasper the Deep Elf Earth Elementalist began the quest for
                  | the Orb.
     0 | D:1      | Reached XP level 1. HP: 10/10 MP: 6/6
   289 | D:1      | Reached XP level 2. HP: 16/16 MP: 5/8
  1221 | D:2      | Reached skill level 1 in Fighting
  1276 | D:2      | Reached XP level 3. HP: 20/20 MP: 6/9
  1280 | D:2      | Learned a level 3 spell: Passwall
  1602 | D:2      | Found Qop Zui's Magic Scroll Emporium.
  1619 | D:2      | Bought a scroll of fear for 56 gold pieces
  1619 | D:2      | Bought a scroll of teleportation for 42 gold pieces
  1619 | D:2      | Bought a scroll of teleportation for 42 gold pieces
  1637 | D:2      | Noticed Sigmund
  1916 | D:3      | Reached skill level 5 in Earth Magic
  1916 | D:3      | Reached XP level 4. HP: 24/26 MP: 4/10
  1922 | D:3      | Learned a level 4 spell: Brom's Barrelling Boulder
  2655 | D:4      | Reached XP level 5. HP: 30/30 MP: 10/12
  2701 | D:4      | Noticed Edmund
  2820 | D:4      | Found Badatew's Magic Scroll Shop.
  2831 | D:4      | Bought a scroll of fog for 56 gold pieces
  2904 | D:4      | Found a glowing drain.
  2929 | Sewer    | Entered a sewer
  3000 | Sewer    | Learned a level 4 spell: Fulminant Prism
  3148 | Sewer    | Reached skill level 5 in Spellcasting
  3281 | Sewer    | Reached XP level 6. HP: 36/36 MP: 12/16
  3288 | Sewer    | Learned a level 4 spell: Summon Lightning Spire
  3558 | D:5      | Entered Level 5 of the Dungeon
  4071 | D:5      | Reached XP level 7. HP: 41/41 MP: 14/18
  4183 | D:5      | Noticed Prince Ribbit
  4191 | D:5      | Killed Prince Ribbit
  4192 | D:5      | Reached skill level 5 in Conjurations
  4285 | D:5      | Reached skill level 1 in Alchemy
  4668 | D:6      | Found a sacrificial altar of Ru.
  4980 | D:6      | Reached XP level 8. HP: 11/48 MP: 15/19
  5816 | D:6      | Found Yquat's Jewellery Shop.
  5960 | D:7      | Reached skill level 1 in Summonings
  5960 | D:7      | Reached skill level 1 in Air Magic
  6293 | D:7      | Reached skill level 5 in Fighting
  6470 | D:7      | Learned a level 3 spell: Stone Arrow
  6855 | D:4      | Killed Edmund
  6856 | D:4      | Reached skill level 1 in Shields
  6856 | D:4      | Reached XP level 9. HP: 33/54 MP: 3/20
  7660 | D:2      | Killed Sigmund
  7747 | D:7      | Found a staircase to the Ecumenical Temple.
  7759 | Temple   | Entered the Ecumenical Temple
  7762 | Temple   | Became a worshipper of Vehumet
  7880 | D:7      | Found an opulent altar of Gozag.
  8278 | D:8      | Noticed a catoblepas
  8286 | D:8      | Killed a catoblepas
  8533 | D:8      | Found an ornate altar of the Wu Jian Council.
  8551 | D:8      | Reached skill level 10 in Spellcasting
  8581 | D:8      | Reached XP level 10. HP: 35/59 MP: 2/26
  8750 | D:8      | Reached * piety under Vehumet
  8750 | D:8      | Offered knowledge of Magic Dart by Vehumet.
  9185 | D:8      | Noticed Pikel
  9193 | D:8      | Killed Pikel
  9194 | D:8      | Reached skill level 5 in Dodging
  9839 | D:9      | Offered knowledge of Scorch by Vehumet.
  9843 | D:9      | Reached ** piety under Vehumet
 10492 | D:9      | Reached XP level 11. HP: 68/68 MP: 17/27
 10768 | D:9      | Offered knowledge of Mephitic Cloud by Vehumet.
 10773 | D:9      | Learned a level 3 spell: Mephitic Cloud
 10785 | D:9      | Noticed a two-headed ogre
 11076 | D:9      | Identified the ring of Dishonour {Fly rF- rN+ Str+2}
 11107 | D:9      | You fall into a shaft and drop 3 floors!
 11313 | D:11     | Found a glowing silver altar of Zin.
 11314 | D:11     | Identified a scroll of acquirement
 11314 | D:11     | Acquired the ring "Ucotue" {rPois rC+ Int+3}
 11358 | D:11     | Noticed Josephine
 11365 | D:11     | Killed Josephine
 11646 | D:11     | Reached skill level 10 in Dodging
 11740 | D:11     | Noticed Maurice
 11749 | D:11     | Something stole 366 gold
 11761 | D:11     | Killed Maurice
 11922 | D:10     | Entered Level 10 of the Dungeon
 11922 | D:10     | Noticed Harold
 12015 | D:11     | Noticed a death yak
 12021 | D:11     | Noticed a death yak
 12023 | D:11     | Killed a death yak
 12031 | D:11     | Noticed a death yak
 12033 | D:11     | Noticed a death yak
 12035 | D:11     | Killed a death yak
 12272 | D:12     | Reached *** piety under Vehumet
 12278 | D:12     | Reached skill level 10 in Fighting
 12414 | D:12     | Identified the +1 tower shield of the Kodama {Dex+5}
 12427 | D:12     | Reached skill level 1 in Staves
 12522 | D:12     | Found Itweih's Armour Boutique.
 12534 | D:12     | Found a staircase to the Orcish Mines.
 12542 | D:12     | Found Medgh's Weapon Boutique.
 12788 | D:11     | Noticed a death yak
 13030 | D:10     | Noticed a two-headed ogre
 13036 | D:10     | Killed a two-headed ogre
 13036 | D:10     | Offered knowledge of Flame Wave by Vehumet.
 13037 | D:10     | Reached skill level 5 in Staves
 13037 | D:10     | Reached XP level 12. HP: 77/77 MP: 7/28
 13151 | D:9      | Killed a two-headed ogre
 13199 | D:9      | Identified the +2 robe of the Eight Boll Weevils {Harm
                  | rElec rPois rC++}
 13345 | D:9      | Mangled by a deep troll

Illustrated notes

Levels and vault maps discovered:
D:1:      lemuel_arrival_hallway, layout_loops_ring, serial_co_window_serial,
          co_window_of_opportunity_a, co_window_paths_a, co_window_paths_b,
          co_window_corner_a, co_window_corner_a, co_window_corner_a,
          co_window_2corner, co_window_2corner, co_window_of_opportunity_c,
          co_window_paths_c, co_window_corner_b, co_window_corner_b,
          co_window_4corner_a, glass_columns_a, glass_columns_a
D:2:      layout_loops_ring, serial_shops, nicolae_shop_peninsula,
          hangedman_decor_riveting, minmay_tromino_v4_a, uniq_sigmund
D:3:      layout_loops_ring
D:4:      layout_loops_corners, cheibrodos_sewer_entry_drain, serial_shops,
          shop, hangedman_abyss_or_decor_slice, hangedman_abyss_or_decor_passed,
          uniq_edmund
D:5:      layout_gridville, uniq_prince_ribbit1
D:6:      layout_basic, kennysheep_little_box, serial_shops, shop
D:7:      layout_rooms, nicolae_gozag_cash_rules_everything_around_me,
          minmay_temple_entry_glass, minmay_fire_ice_demons
D:8:      layout_rooms, nicolae_wu_jian_wuxing_cycle, minmay_manual_monolith,
          uniq_pikel
D:9:      regret_index_malice_mire, layout_basic
D:10:     layout_cave_pods, mainiacjoe_overflow_tiny_flanked, uniq_harold
D:11:     layout_basic, dpeg_lair_monsters, zin_treasury, uniq_josephine,
          uniq_maurice
D:12:     layout_basic, orc_david_3, kennysheep_generic_room_9
Temple:   dpeg_three_leaves_temple

Skill      XL: |  1  2  3  4  5  6  7  8  9 10 11 12 |
---------------+-------------------------------------+-----
Earth Magic    | 4 5 |  5.0
Fighting       | 1 2 3 4 5 7 10 | 10.0
Spellcasting   | 5 6 10 | 10.0
Conjurations   | 3 5 |  5.0
Alchemy        | 3 |  3.0
Summonings     | 4 |  4.0
Air Magic      | 4 |  4.0
Shields        | 1 4 |  4.5
Dodging        | 3 8 10 | 10.0
Staves         | 5 6 |  6.9
Stealth        | |  2.4

Action                     |  1- 3 |  4- 6 |  7- 9 | 10-12 || total
---------------------------+-------+-------+-------+-------++-------
  Melee: Staff             |       |       |    16 |    42 ||    58
  Throw: Stone             |     1 |       |       |       ||     1
         Boomerang         |       |     4 |       |       ||     4
   Cast: Sandblast         |    43 |    94 |    70 |       ||   207
         Stone Arrow       |       |       |    47 |   165 ||   212
         Fulminant Prism   |       |       |     4 |    14 ||    18
         Summon Lightning  |       |       |     4 |    23 ||    27
         Mephitic Cloud    |       |       |       |     5 ||     5
  Evoke: Wand              |       |       |     2 |     5 ||     7
    Use: Potion            |     1 |     1 |     2 |     2 ||     6
         Scroll            |     3 |     5 |    11 |     3 ||    22
   Stab: Distracted        |       |       |     1 |     2 ||     3
 Armour: Robe              |     4 |       |       |    88 ||    92
         Leather armour    |     4 |    21 |    68 |     1 ||    94
         Skin              |       |       |     7 |       ||     7
  Dodge: Dodged            |    17 |    22 |    38 |    80 ||   157
  Block: Buckler           |       |       |     6 |    38 ||    44
